 Dungeon Crawl Stone Soup version 0.29-a0-231-g945431f764 (webtiles) character file.

Game seed: 6609922040031671988

33 avis the Skirmisher (level 3, -7/36 HPs)
             Began as a Hill Orc Monk on Mar 1, 2022.
             Killed from afar by Natasha (10 damage)
             ... with a magic dart
             ... on level 2 of the Dungeon.
             The game lasted 00:05:08 (1414 turns).

avis the Skirmisher (Hill Orc Monk)                 Turns: 1414, Time: 00:05:09

Health: -7/36      AC:  8    Str: 15    XL:     3   Next: 29%
Magic:  3/3        EV:  6    Int: 10    God:
Gold:   49         SH:  0    Dex: 13    Spells: 2/2 levels left

rFire   . . .      SeeInvis .   a - +0 hand axe
rCold   . . .      Faith    .   (no shield)
rNeg    . . .      Spirit   .   h - +0 chain mail
rPois   .          Reflect  .   (no helmet)
rElec   .          Harm     .   (no cloak)
rCorr   .          Rampage  .   (no gloves)
Will    .....                   (no boots)
Stlth   ..........              (no amulet)
HPRegen 0.12/turn               (no ring)
MPRegen 0.08/turn               (no ring)

@: no status effects
A: no striking features
a: no special abilities


You were on level 2 of the Dungeon.
You visited 1 branch of the dungeon, and saw 2 of its levels.

You collected 49 gold pieces.

Inventory:

Hand Weapons
 a - a +0 hand axe (weapon)
 b - a +0 hunting sling
Missiles
 d - 20 stones (quivered)
Armour
 h - a +0 chain mail (worn)
Scrolls
 e - a scroll of fear {unknown}
 i - a scroll of blinking {unknown}
 j - a scroll of noise {unknown}
Potions
 c - 2 potions of lignification {unknown}
 f - 2 potions of curing {unknown}
 g - 2 potions of berserk rage {unknown}


   Skills:
 - Level 5.0 Fighting
 * Level 4.3 Axes
 - Level 2.4 Dodging
 - Level 1.5 Stealth


You had 2 spell levels left.
You didn't know any spells.
Your spell library was empty.

Dungeon Overview and Level Annotations

Branches:
Dungeon (2/15)

Altars:

Annotations:
D:2 Natasha


Message History

Level annotation: Natasha The ball python bites you but does no damage.
The ball python grabs you. The ball python constricts you.
Natasha zaps a wand.
The puff of flame hits you!
The ball python bites you but does no damage.
The ball python constricts you.
There is a stone staircase leading up, spattered with blood here.
You barely miss the ball python.
The ball python bites you but does no damage.
The ball python constricts you.
You closely miss the ball python. You hit Natasha.
The ball python bites you but does no damage.
The ball python constricts you.
Natasha zaps a wand.
The puff of flame hits you.
The ball python bites you but does no damage.
The ball python constricts you.
You hit the ball python.
You kill the ball python!
You barely miss Natasha. Natasha claws you.
You hit Natasha.
Natasha is heavily wounded.
Natasha mewls in sadness.
Natasha stares at you and mumbles some strange words.
The magic dart hits you.
You hit Natasha.
Natasha is heavily wounded.
Natasha closely misses you. x2
You hit Natasha.
Natasha is severely wounded.
Natasha zaps a wand.
The puff of flame hits you.
* * * LOW HITPOINT WARNING * * *
You closely miss Natasha.
Natasha is severely wounded.
Natasha zaps a wand.
The puff of flame hits you!
* * * LOW HITPOINT WARNING * * *
You hit Natasha.
Natasha is almost dead.
Natasha stares at you and mumbles some strange words.
The magic dart hits you!
You die...

.......
##.....###.######
# ##...........##
...........##
...........#
..........>#
...........#
...........#
........h@.#
.........†>#
..........##
...#.)...## ##
#######


You could see Natasha.

Vanquished Creatures
  A worm (D:2)
  A dart slug (D:1)
  A giant cockroach (D:2)
  2 hobgoblins
  2 jackals (D:1)
  4 quokkas (D:1)
  5 ball pythons
  4 bats
  2 frilled lizards (D:1)
  A goblin (D:1)
  3 kobolds (D:1)
  4 rats
30 creatures vanquished.

Notes
Turn   | Place    | Note
-------+----------+-------------------------------------------
     0 | D:1      | avis the Hill Orc Monk began the quest for the Orb.
     0 | D:1      | Reached XP level 1. HP: 19/19 MP: 1/1
   267 | D:1      | Reached skill level 4 in Fighting
   542 | D:1      | Reached XP level 2. HP: 27/27 MP: 2/2
  1018 | D:1      | Reached skill level 5 in Fighting
  1018 | D:1      | Reached XP level 3. HP: 36/36 MP: 3/3
  1239 | D:2      | Noticed Natasha
  1414 | D:2      | Killed from afar by Natasha

Illustrated notes

Levels and vault maps discovered:
D:1:      ncdulo_wetmaze, layout_loops_corners
D:2:      minmay_alternating_diamond, layout_rooms, hangedman_decor_growths,
          minmay_tetromino_i2, uniq_crazy_yiuf_cottage, uniq_natasha,
          uniq_sigmund

Skill      XL: |  1  2 |
---------------+-------+-----
Fighting       | 4 5 |  5.0
Axes           | |  4.3
Dodging        | |  2.4
Stealth        | |  1.5

Action                   || total
-------------------------++-------
Melee: Hand axe          ||   101
 Stab: Sleeping          ||     4
Armor: Robe              ||     2
       Chain mail        ||    62
Dodge: Dodged            ||    44

Table legend: (Time is in decaauts)
 A = Elapsed time spent in this place.
 B = Non-inter-level travel time spent in this place.
 C = Inter-level travel time spent in this place.
 D = Time resting spent in this place.
 E = Time spent auto-exploring this place.
 F = Levels seen in this place.
 G = Mean time per level.
                   A        B        C        D        E       F      G
               +--------+--------+--------+--------+--------+-----+--------+
         Total |   1445 |   1411 |     34 |    415 |    668 |   2 |  722.5 |
       Dungeon |   1445 |   1411 |     34 |    415 |    668 |   2 |  722.5 |
               +--------+--------+--------+--------+--------+-----+--------+

Top non-repeatable levels by time:
     D:1: 1389 daAuts
     D:2: 55 daAuts
